AoeStats
← Pilgrim

Arabia

509932457Analyzed
3v3 RM · 5d ago on Sep 28, 2026· 51m 46s· 6 players
Game mode
Random Map
Map size
Normal (6 player)
Population
200
Speed
Normal
Resources
Standard
Victory
Conquest
Starting age
Dark Age
Ending age
Imperial Age
RankedLock teamsTeams togetherTeam positionsShared explorationLock speedFull tech treeHidden civsTurbo modeCheats
Victory
Defeat
🇮🇹 Muisca · Italy
862
+12
🇮🇳 Vietnamese · India
757
+16
🇭🇺 Britons · Hungary
745
+16
🇫🇷 Poles · France
767
-15
🇫🇷 Franks · France
767
-15
🇫🇷 Khmer · France
744
-14
Hydropris
13:29 Feudal Age
15:40 Wheelbarrow
21:23 Castle Age
22:36 Scale Barding Armor
22:42 Forging
25:24 Husbandry
26:57 Light Cavalry
35:20 Loom
37:49 Murder Holes
41:53 Ballistics
haduardsauro
2:41 Loom
9:59 Feudal Age
10:40 Double-Bit Axe
10:37 Horse Collar
21:55 Castle Age
23:02 Heavy Plow
23:13 Bow Saw
22:58 Gold Mining
23:18 Husbandry
24:47 Wheelbarrow
25:08 Bloodlines
24:31 Light Cavalry
25:25 Stone Mining
26:54 Forging
26:49 Scale Barding Armor
29:16 Wheelbarrow
31:04 Iron Casting
30:50 Chain Barding Armor
32:12 Hand Cart
36:39 Szlachta Privileges
40:51 Imperial Age
41:01 Winged Hussar
43:48 Lechitic Legacy
Zyel Blblbl
4:17 Loom
14:27 Feudal Age
22:34 Castle Age
23:39 Stone Mining
23:43 Gold Mining
26:17 Stone Shaft Mining
26:22 Gold Shaft Mining
33:11 Imperial Age
42:30 Elite Ballista Elephant
48:24 Double Crossbow
48:26 Tusk Swords
48:43 Double-Bit Axe
pratikmalusare99
8:26 Loom
11:13 Feudal Age
12:34 Double-Bit Axe
12:31 Horse Collar
13:47 Gold Mining
18:05 Stone Mining
19:00 Wheelbarrow
18:11 Town Watch
24:54 Castle Age
24:04 Fletching
24:15 Padded Archer Armor
24:15 Scale Mail Armor
24:26 Forging
25:46 Pikeman
26:27 Squires
26:50 Chain Mail Armor
26:32 Bodkin Arrow
26:04 Crossbowman
26:08 Elite Skirmisher
27:22 Bow Saw
27:15 Heavy Plow
33:10 Town Patrol
36:07 Murder Holes
40:03 Hand Cart
42:42 Stone Shaft Mining
42:56 Ballistics
50:26 Imperial Age
52:23 Chemistry
maalrugu
4:44 Loom
5:43 Loom
8:05 Loom
10:48 Feudal Age
11:21 Double-Bit Axe
11:44 Champi Runner
19:34 Scale Mail Armor
23:13 Castle Age
23:16 Forging
24:00 Squires
23:20 Champi Warrior
24:47 Chain Mail Armor
30:13 Wheelbarrow
30:05 Fletching
30:06 Horse Collar
30:27 Town Watch
38:08 Town Patrol
40:00 Murder Holes
40:16 Masonry
43:29 Imperial Age
42:10 Hand Cart
43:05 Heavy Plow
43:16 Bow Saw
42:56 Gold Mining
42:57 Stone Mining
44:06 Elite Champi Warrior
47:15 Elite Temple Guard
48:35 Plate Mail Armor
48:41 Iron Casting
50:35 Elite Guecha Warrior
51:26 Siege Engineers
52:33 Chemistry
51:54 Ballistics
Pilgrim
11:10 Feudal Age
10:04 Loom
12:34 Wheelbarrow
11:46 Double-Bit Axe
11:46 Horse Collar
14:25 Town Watch
21:29 Castle Age
19:50 Man-at-Arms
20:16 Arson
20:42 Gold Mining
20:49 Stone Mining
22:33 Hand Cart
22:41 Heavy Plow
22:54 Bow Saw
30:14 Gold Shaft Mining
31:22 Ballistics
35:51 Imperial Age
32:43 Long Swordsman
32:44 Pikeman
33:24 Squires
33:10 Gambesons
34:48 Yeomen
34:23 Fletching
34:34 Padded Archer Armor
34:35 Scale Mail Armor
34:46 Forging
38:19 Leather Archer Armor
37:59 Bodkin Arrow
38:40 Iron Casting
38:21 Chain Mail Armor
38:19 Elite Longbowman
39:02 Warwolf
39:41 Hoardings
39:37 Conscription
40:31 Ring Archer Armor
40:01 Bracer
40:07 Halberdier
40:07 Two-Handed Swordsman
41:16 Caravan
42:17 Champion
43:36 Plate Mail Armor
44:07 Blast Furnace
45:10 Chemistry
44:22 Masonry
45:21 Murder Holes
46:33 Sappers
47:37 Architecture
47:28 Fervor
47:39 Sanctity
47:20 Devotion
47:46 Illumination
47:37 Block Printing
47:58 Theocracy
47:19 Herbal Medicine
47:34 Scale Barding Armor
47:15 Treadmill Crane
49:57 Coinage
49:38 Guilds
50:04 Siege Engineers
50:10 Fortified Wall
50:25 Chain Barding Armor
50:16 Town Patrol
Connection lost

Rejoining the realm…

Still unreachable

The connection could not be restored.

Session expired

The server has moved on; the page needs a fresh start.